 Dungeon Crawl Stone Soup version 0.27.1-33-g824d729ab1 (webtiles) character file.

Game seed: 4498835556447311714

14569 sking99 the Envoy of Void (level 12, 64/87 HPs)
             Began as a Djinni Fire Elementalist on Dec 7, 2021.
             Was a High Priest of Lugonu.
             Quit the game on level 1 of the Lair of Beasts.
             The game lasted 00:43:51 (10350 turns).

sking99 the Envoy of Void (DjFE)                   Turns: 10350, Time: 00:43:51

Health: 64/87      AC:  9    Str: 11    XL:     12   Next: 46%
Gold:   644        EV: 15    Int: 18    God:    Lugonu [*****.] SH:  0 Dex: 14

rFire    + . .     SeeInvis .   r - +1 whip (elec)
rCold    . . .     Faith    .   (no shield)
rNeg     . . .     Spirit   .   a - +0 steam dragon scales
rPois    ∞         Reflect  .   q - +0 hat
rElec    .         Harm     .   u - +0 cloak
rCorr    .         Rampage  .   z - +2 pair of gloves
Will     +....                  (boots unavailable)
Stlth    ++........             l - amulet of regeneration
HPRegen  1.24/turn              f - ring of ice
MPRegen  0.00/turn              (no ring)

@: flying
A: sickness immunity, fire resistance 2, cold vulnerability 1, float, innate
caster, hp casting, extra vitality 1
a: Renounce Religion, Depart the Abyss, Bend Space, Banish, Corrupt, Enter the
Abyss


You were on level 1 of the Lair of Beasts.
You worshipped Lugonu.
Lugonu was extremely pleased with you.
You visited 2 branches of the dungeon, and saw 13 of its levels.

You collected 644 gold pieces.

Inventory:

Hand Weapons
 b - a +1 antimagic dagger
 r - a +1 whip of electrocution (weapon)
Missiles
 D - a throwing net
Armour
 a - +0 steam dragon scales (worn)
 c - a +0 kite shield
 i - a +0 leather armour
 k - the +7 Kryia's mail coat {PotionHeal*2 rC+}
   (You acquired it on level 3 of the Dungeon)

   Potions are twice as effective at healing its wearer.
   rC:        It protects you from cold.
 q - a +0 hat (worn)
 u - a +0 cloak (worn)
 w - a +0 troll leather armour
 z - a +2 pair of gloves (worn)
Jewellery
 f - a ring of ice (left hand)
 l - an amulet of regeneration (around neck)
Wands
 x - a wand of mindburst (11)
 B - a wand of acid (7)
 C - a wand of flame (11)
 E - a wand of polymorph (11)
Scrolls
 h - 2 scrolls of amnesia {unknown}
 j - a scroll of fog
 m - 3 scrolls of brand weapon
 n - 3 scrolls of teleportation {unknown}
 t - a scroll of torment {unknown}
 v - a scroll of blinking {unknown}
 y - a scroll of fear
 A - 3 scrolls of identify
Potions
 d - 2 potions of lignification
 e - a potion of curing
 g - 4 potions of heal wounds
 o - 2 potions of haste {unknown}
 p - a potion of attraction {unknown}
 s - a potion of might {unknown}


   Skills:
 + Level 8.2 Fighting
 + Level 7.7 Dodging
 - Level 1.5 Stealth
 * Level 9.5 Spellcasting
 * Level 11.1 Invocations


You couldn't memorise any spells.
You knew the following spells:

 Your Spells              Type           Power      Damage    Failure   Level
a - Foxfire               Conj/Fire      100%       2x1d9     1%          1
b - Freeze                Ice            100%       1d11      1%          1
c - Conjure Flame         Conj/Fire      43%        6-21      1%          3
d - Sticky Flame          Conj/Fire      43%        2d6       1%          4
e - Fireball              Conj/Fire      21%        3d10      4%          5
f - Inner Flame           Hex/Fire       43%        N/A       1%          3
g - Passwall              Tmut/Erth      35%        N/A       1%          2
h - Spider Form           Tmut/Pois      21%        N/A       1%          3
i - Leda's Liquefaction   Hex/Erth       21%        N/A       1%          4
z - Cause Fear            Hex            21%        N/A       1%          4
Your spell library was empty.

Dungeon Overview and Level Annotations

Branches:
Dungeon (12/15)            Temple (0/1) D:4            Lair (1/6) D:11
    Orc: D:9-12

Altars:
Ru
Lugonu

Annotations:
Abyss:1 Harold, Maggie


Innate Abilities, Weirdness & Mutations

You are immune to sickness and miasma.
You are immune to poison.
Your flesh is very heat resistant. (rF++)
You are vulnerable to cold. (rC-)
You float through the air rather than walking.
You learn spells naturally, not from books.
Your magical power is your life essence.
You have superior vitality. (+4 HP)


Message History

The komodo dragon bites you.
Casting: Foxfire (safe; 1% risk of failure)
Confirm with . or Enter, or press ? or * to list all spells.
You conjure some foxfire!
The komodo dragon burns!
The foxfire hits the komodo dragon!
The komodo dragon is heavily wounded.
The komodo dragon closely misses you.
Casting: Foxfire (safe; 1% risk of failure)
Confirm with . or Enter, or press ? or * to list all spells.
You conjure some foxfire!
The komodo dragon burns!
The komodo dragon stops burning.
The foxfire hits the komodo dragon but does no damage.
The komodo dragon is severely wounded.
The foxfire hits the komodo dragon.
The komodo dragon is severely wounded.
The foxfire hits the komodo dragon.
The komodo dragon is severely wounded.
The komodo dragon completely misses you.
Casting: Foxfire (safe; 1% risk of failure)
Confirm with . or Enter, or press ? or * to list all spells.
You conjure some foxfire!
The foxfire hits the komodo dragon.
The komodo dragon is severely wounded.
The foxfire hits the komodo dragon.
The komodo dragon is severely wounded.
The komodo dragon bites you.
Casting: Foxfire (safe; 1% risk of failure)
Confirm with . or Enter, or press ? or * to list all spells.
Aiming: Sticky Flame (dangerous; 1% risk of failure)
Press: ? - help, Shift-Dir - straight line, f/p - komodo dragon
Aim: a komodo dragon (severely wounded, ally target, 100% to hit)
The sticky flame hits the komodo dragon.
The komodo dragon is almost dead.
The komodo dragon is covered in liquid flames!
The komodo dragon burns!
The foxfire hits the komodo dragon but does no damage.
The komodo dragon is almost dead.
The foxfire hits the komodo dragon.
You kill the komodo dragon!
Lugonu accepts your kill.
Are you sure you want to abandon this character and quit the game? (Confirm with "yes".)

....##########..........
........................
........................
..........)........[....
........................
........................
.....#..#.###....#+..#.#
...#....§..#....+ .....
#.......@...#...... ...
#...#.......+....#.
............# ....
#.............
....+.......P...
#...##.P..+##... ...
...... ... ....... ..


There were no monsters in sight!

Vanquished Creatures
  A hydra (D:11)
  A centaur warrior (D:11)
  3 two-headed ogres (D:11)
  A cane toad (Lair:1)
  A kobold demonologist (D:10)
  2 komodo dragons
  3 trolls
  2 dream sheep (D:11)
  A shadow (D:6)
  2 wyverns
  Eustachio (D:6)
  21 yaks
  A steam dragon (D:7)
  An acid dragon (D:11)
  4 water moccasins
  A sky beast (D:6)
  6 orc warriors
  3 ice beasts
  5 black bears
  3 centaurs
  An ogre (D:4)
  A phantom (D:6)
  4 kobold brigands
  3 bullfrogs
  4 scorpions
  A gnoll sergeant (D:9)
  A water moccasin zombie (D:6)
  4 howler monkeys
  4 wights
  A bullfrog zombie (D:5)
  2 centaur zombies
  2 jellies
  A centaur skeleton (D:6)
  2 gnoll shamans (D:5)
  5 orc priests
  2 hounds
  A bullfrog skeleton (D:5)
  An iguana (D:5)
  11 orc wizards
  3 hound skeletons
  A howler monkey zombie (D:7)
  19 gnolls
  8 adders
  A shadow imp (D:4)
  A white imp (D:7)
  2 dart slugs
  2 worms
  24 orcs
  8 endoplasms
  4 giant cockroaches
  7 goblins
  10 hobgoblins
  4 jackals (D:5)
  5 quokkas
  5 ball pythons
  4 bats
  5 frilled lizards
  10 kobolds
  5 rats
242 creatures vanquished.

Vanquished Creatures (collateral kills)
  A foxfire (D:7)
1 creature vanquished.

Vanquished Creatures (others)
  725 foxfires
  36 fungi
  32 plants
793 creatures vanquished.

Grand Total: 1036 creatures vanquished

Notes
Turn   | Place    | Note
-------+----------+-------------------------------------------
     0 | D:1      | sking99 the Djinni Fire Elementalist began the quest for
                  | the Orb.
     0 | D:1      | Reached XP level 1. HP: 15/15 MP: 0/0
   160 | D:1      | You are sucked into a shaft and drop 1 floor!
   263 | D:1      | Reached XP level 2. HP: 3/22 MP: 0/0
  1063 | D:1      | Found a faded altar of an unknown god.
  1066 | D:1      | Became a worshipper of Lugonu the Unformed
  1066 | D:1      | Reached * piety under Lugonu
  1066 | D:1      | Reached ** piety under Lugonu
  1183 | D:2      | Reached skill level 1 in Fighting
  1183 | D:2      | Reached XP level 3. HP: 24/27 MP: 0/0
  1183 | D:2      | Learned a level 1 spell: Freeze
  1656 | D:2      | Reached XP level 4. HP: 28/32 MP: 0/0
  2213 | D:2      | Reached XP level 5. HP: 38/38 MP: 0/0
  2213 | D:2      | Learned a level 2 spell: Passwall
  2560 | D:3      | Reached *** piety under Lugonu
  2578 | D:3      | Identified a scroll of acquirement
  2578 | D:3      | Acquired the +7 Kryia's mail coat {PotionHeal*2 rC+}
  2578 | D:3      | Found the +7 Kryia's mail coat {PotionHeal*2 rC+}
  2998 | D:3      | Reached XP level 6. HP: 44/44 MP: 0/0
  3364 | D:3      | Reached skill level 1 in Invocations
  3780 | D:4      | Noticed a black bear
  3781 | D:4      | Noticed an ogre
  3787 | D:4      | Killed a black bear
  3788 | D:4      | Reached skill level 2 in Invocations
  3788 | D:4      | Reached XP level 7. HP: 50/50 MP: 0/0
  3788 | D:4      | Learned a level 3 spell: Spider Form
  3816 | D:4      | Reached skill level 3 in Invocations
  3848 | D:4      | Found a staircase to the Ecumenical Temple.
  4139 | D:5      | Entered Level 5 of the Dungeon
  4258 | D:5      | Reached XP level 8. HP: 56/56 MP: 0/0
  4335 | D:5      | Reached **** piety under Lugonu
  4364 | D:5      | Reached skill level 5 in Spellcasting
  4506 | D:5      | Reached skill level 4 in Invocations
  5407 | D:6      | Noticed a shadow
  5415 | D:6      | Killed a shadow
  5416 | D:6      | Reached skill level 5 in Invocations
  5516 | D:6      | Reached XP level 9. HP: 63/63 MP: 0/0
  5516 | D:6      | Learned a level 4 spell: Cause Fear
  5928 | D:6      | Noticed Eustachio
  5941 | D:6      | Killed Eustachio
  5942 | D:6      | Reached skill level 5 in Fighting
  5942 | D:6      | Reached skill level 6 in Invocations
  6242 | D:7      | Noticed a troll
  6285 | D:7      | Killed a troll
  6403 | D:7      | Noticed a gargoyle
  6404 | D:7      | Noticed a two-headed ogre
  6483 | D:7      | Found a sacrificial altar of Ru.
  6718 | D:7      | Reached skill level 7 in Invocations
  6840 | D:8      | Reached XP level 10. HP: 69/72 MP: 0/0
  6899 | D:8      | Reached skill level 8 in Invocations
  7547 | D:9      | Reached skill level 5 in Dodging
  7909 | D:9      | Noticed Maggie
  7910 | D:9      | Banished Maggie
  8160 | D:9      | Reached XP level 11. HP: 62/78 MP: 0/0
  8160 | D:9      | Learned a level 4 spell: Leda's Liquefaction
  8161 | D:9      | Reached skill level 9 in Invocations
  8326 | D:10     | Entered Level 10 of the Dungeon
  8355 | D:10     | Reached ***** piety under Lugonu
  9012 | D:11     | Noticed a two-headed ogre
  9019 | D:11     | Killed a two-headed ogre
  9275 | D:11     | Found a staircase to the Lair.
  9293 | D:11     | Noticed a centaur warrior
  9296 | D:11     | Reached skill level 10 in Invocations
  9424 | D:11     | Killed a centaur warrior
  9563 | D:11     | Noticed a two-headed ogre
  9585 | D:11     | Killed a two-headed ogre
  9690 | D:11     | Noticed a two-headed ogre
  9703 | D:11     | Killed a two-headed ogre
  9704 | D:11     | Reached XP level 12. HP: 71/86 MP: 0/0
  9911 | D:11     | Noticed a two-headed hydra
  9920 | D:11     | Killed a two-headed hydra
 10062 | D:12     | Noticed a five-headed hydra
 10087 | Lair:1   | Entered Level 1 of the Lair of Beasts
 10177 | Lair:1   | Noticed Harold
 10180 | Lair:1   | Banished Harold
 10181 | Lair:1   | Reached skill level 11 in Invocations
 10350 | Lair:1   | Quit the game

Illustrated notes

Levels and vault maps discovered:
D:1:      psy_arrival_radial01, layout_rooms,
          shapermc_ecumenical_altar_mp_vishouse
D:2:      layout_rooms, grunt_ministairs_13
D:3:      layout_loops_ring, bh_walls_and_bars
D:4:      kennysheep_spiral_hall, layout_basic,
          minmay_temple_entry_stoned_glass, minmay_fractal_squares_5
D:5:      layout_loops_corners
D:6:      layout_basic, minmay_microvault, uniq_eustachio
D:7:      layout_gridville, mainiacjoe_overflow_boulevard,
          lightli_corner_chamber
D:8:      layout_rooms, minmay_fractal_squares_diagonal_5
D:9:      layout_basic, grunt_decor_one_mirror, uniq_maggie
D:10:     layout_cave_pools
D:11:     layout_irregular_city, due_lair_maze_entry_diamond, hex_tiny,
          hangedman_ranch
D:12:     nzn_winding_woodlands_medium [nzn_winding_woodlands_5x5_checkerboard,
          nzn_winding_woodlands_5x15_twine, nzn_winding_woodlands_hourglass,
          nzn_winding_woodlands_5x5_three, nzn_winding_woodlands_center_lodge,
          nzn_winding_woodlands_5x5_cross,
          nzn_winding_woodlands_5x5_closed_star,
          nzn_winding_woodlands_5x15_jagged,
          nzn_winding_woodlands_5x5_perimeter], layout_basic, orc_david_3,
          minmay_between
Lair:1:   layout_regular_city, columned_hall_lemuel, gammafunk_lair_bear_cave,
          uniq_harold

Skill      XL: |  1  2  3  4  5  6  7  8  9 10 11 12 |
---------------+-------------------------------------+-----
Fighting       | 1 2 3 4 5 6 7 8 |  8.2
Spellcasting   | 3 4 5 6 7 9 |  9.5
Dodging        | 3 5 7 |  7.7
Invocations    | 2 3 5 7 8 10 11 | 11.1
Stealth        | |  1.5

Action                   |  1- 3 |  4- 6 |  7- 9 | 10-12 || total
-------------------------+-------+-------+-------+-------++-------
Melee: Dagger            |     1 |    39 |    30 |       ||    70
       Whip              |       |       |    25 |    15 ||    40
       Unarmed           |       |       |    11 |       ||    11
 Cast: Foxfire           |    68 |    76 |   180 |   107 ||   431
       Freeze            |       |    32 |    10 |    35 ||    77
       Conjure Flame     |       |     2 |     2 |     2 ||     6
       Passwall          |       |       |     1 |       ||     1
       Spider Form       |       |       |     1 |       ||     1
       Sticky Flame      |       |       |     3 |    56 ||    59
       Fireball          |       |       |       |    63 ||    63
       Cause Fear        |       |       |       |     7 ||     7
       Leda's Liquefacti |       |       |       |     4 ||     4
Invok: Bend Space        |       |       |     2 |       ||     2
       Banish            |       |       |       |     2 ||     2
  Use: Scroll            |       |     4 |    10 |       ||    14
       Potion            |       |       |       |     2 ||     2
 Stab: Sleeping          |       |       |     1 |       ||     1
Armor: Robe              |     5 |     1 |       |       ||     6
       Scale mail        |       |    12 |    14 |       ||    26
       Leather armour    |       |     6 |     8 |       ||    14
       Steam dragon scal |       |       |       |    31 ||    31
Dodge: Dodged            |    15 |    43 |    57 |    96 ||   211
